 Dungeon Crawl Stone Soup version 0.22-a0-362-g535178c (webtiles) character file.

4 Amnesiac the Grave Robber (level 1, -8/13 HPs)
             Began as a Mummy Necromancer on Apr 20, 2018.
             Mangled by a worm (9 damage)
             ... on level 2 of the Dungeon.
             The game lasted 00:00:42 (140 turns).

Amnesiac the Grave Robber (Mummy Necromancer)        Turns: 140, Time: 00:00:42

Health: -8/13      AC:  2    Str: 11    XL:     1   Next: 58%
Magic:  0/4        EV: 12    Int: 14    God:
Gold:   12         SH:  0    Dex: 12    Spells: 4/5 levels left

rFire    x . .     SeeInvis .   e - -1 spear (curse)
rCold    + . .     Gourm    .   (no shield)
rNeg     + + +     Faith    .   a - +0 robe
rPois    ∞         Spirit   .   (no helmet)
rElec    .         Reflect  .   (no cloak)
rCorr    .         Harm     .   (no gloves)
MR       .....                  (no boots)
Stlth    ++........             (no amulet)
HPRegen  0.04/turn              (no ring)
MPRegen  0.09/turn              (no ring)

@: very slightly contaminated
A: no food or potions, fire vulnerability, cold resistance 1, negative energy
resistance 3, torment resistance, unbreathing
a: no special abilities


You were on level 2 of the Dungeon.
You were not hungry.

You visited 1 branch of the dungeon, and saw 2 of its levels.

You collected 12 gold pieces.

Inventory:

Hand Weapons
 e - a cursed -1 spear (weapon)
Armour
 a - a +0 robe (worn)
Scrolls
 b - a scroll of teleportation {!r, unknown}
 c - a scroll of random uselessness {!r, unknown}
 d - a scroll of identify {!r, unknown}


   Skills:
 + Level 0.3 Fighting
 * Level 1.8 Dodging
 - Level 1.5 Stealth
 + Level 2.7 Spellcasting
 + Level 4.0 Necromancy


You had 4 spell levels left.
You knew the following spells:

 Your Spells              Type           Power        Failure   Level  Hunger
a - Pain                  Necr           ##..         4%          1    N/A

Dungeon Overview and Level Annotations

Branches:
Dungeon (2/15)

Altars:


Innate Abilities, Weirdness & Mutations

You do not eat or drink.
Your flesh is vulnerable to fire.
You are immune to poison.
Your flesh is cold resistant. (rC+)
You are immune to negative energy. (rN+++)
You are immune to unholy pain and torment.
You can survive without breathing.


Message History

The bat writhes in agony!
You kill the bat!
Casting: Pain (safe; 4% risk of failure)
Confirm with . or Enter, or press ? or * to list all spells.
You can't see any susceptible monsters within range! (Use Z to cast anyway.)
A worm is nearby!
The adder hisses angrily.
The adder bites you.
You see here 13 poisoned needles.
Really attack barehanded? [Y]es or [N]o only, please.
Really attack barehanded?
Okay, then.
Casting: Pain (safe; 4% risk of failure)
Confirm with . or Enter, or press ? or * to list all spells.
Aiming: Pain (safe; 4% risk of failure)
Press: ? - help, Shift-Dir - straight line, f - adder
Aim: an adder (chance to defeat MR: 77%)
You miscast Pain.
You are very lightly contaminated with residual magic.
Strange energies run through your body. The adder bites you but does no damage.
Casting: Pain (safe; 4% risk of failure)
Confirm with . or Enter, or press ? or * to list all spells.
Aiming: Pain (safe; 4% risk of failure)
Press: ? - help, Shift-Dir - straight line, f/p - adder
Aim: an adder (chance to defeat MR: 77%)
The adder writhes in agony!
The adder bites you.
* * * LOW HITPOINT WARNING * * *
Casting: Pain (safe; 4% risk of failure)
Confirm with . or Enter, or press ? or * to list all spells.
Aiming: Pain (safe; 4% risk of failure)
Press: ? - help, Shift-Dir - straight line, f/p - adder
Aim: an adder (lightly wounded, chance to defeat MR: 77%)
The adder writhes in agony!
The adder bites you but does no damage. The adder bites you.
* * * LOW HITPOINT WARNING * * *
Unknown command.
Unknown command.
Casting: Pain (safe; 4% risk of failure)
Confirm with . or Enter, or press ? or * to list all spells.
You don't have enough magic to cast that spell.
Casting: Pain (safe; 4% risk of failure)
Confirm with . or Enter, or press ? or * to list all spells.
You don't have enough magic to cast that spell.
Really attack barehanded? [Y]es or [N]o only, please.
Really attack barehanded? [Y]es or [N]o only, please.
Really attack barehanded?
Okay, then.
Wield which item (- for none, * to show all)? (? for menu, Esc to quit)
It sticks to your hand!
e - a cursed -1 spear (weapon)
You hit the adder.
The adder is severely wounded.
The adder closely misses you. The worm closely misses you.
The adder barely misses you.
You hit the adder but do no damage.
The adder is severely wounded.
The adder bites you.
* * * LOW HITPOINT WARNING * * *
The worm bites you!
Ouch! That really hurt!
You die...

.... .# ...#. ##
##....# #.....#
#..#..# #..#.†# #
#..#..#
#####.#.#..#..#####
#.w@S......#...†..#
#.###.#.##.#.####.#
#.# #.#.#<........#
#.# #.#.#..#.###..#
#.# #.#.#..#.#....#
#.# #.#.#..#.#....#
#.# #.#.#..#.#..#.#
#.# #......#!#..#.##
#.###...##.#.......#


You could see a worm and an adder.

Vanquished Creatures
  3 bats (D:2)
  A goblin (D:1)
4 creatures vanquished.

Notes
Turn   | Place    | Note
-------+----------+-------------------------------------------
     0 | D:1      | Amnesiac the Mummy Necromancer began the quest for the Orb.
     0 | D:1      | Reached XP level 1. HP: 13/13 MP: 4/4
   140 | D:2      | Mangled by a worm

Vault maps used:
D:1:      ncdulo_halloftheorcs
D:2:      grunt_dithmenos_smoke, minmay_misc_feat_plants, uniq_robin

Action                   || total
-------------------------++-------
Melee: Spear             ||     2
 Cast: Pain              ||     8
Armor: Robe              ||     5
Dodge: Dodged            ||     6

Table legend:
 A = Spawn XP
 B = Non-spawn XP
 C = Spawn XP percentage of total XP
 D = Spawn monster count
 E = Non-spawn monster count
 F = Spawn count percentage of total count
 G = Total turns spent on level
                    A         B        C        D         E        F      G
               +---------+---------+-------+---------+---------+-------+---------
         Total |       0 |       7 |   0.0 |       0 |       4 |   0.0 |   140
               +---------+---------+-------+---------+---------+-------+---------
           D:1 |       0 |       2 |   0.0 |       0 |       1 |   0.0 |    77
           D:2 |       0 |       5 |   0.0 |       0 |       3 |   0.0 |    63
               +---------+---------+-------+---------+---------+-------+---------
